 Dungeon Crawl Stone Soup version 0.29.1-15-g9cfb28693d (webtiles) character file.

Game seed: 7110823934188059856

7240 BuddhaDhamma the Severer (level 10, -1/77 HPs)
             Began as a Minotaur Berserker on Mar 4, 2023.
             Was an Elder of Trog.
             Killed from afar by a gargoyle (19 damage)
             ... with a stone arrow
             ... on level 8 of the Dungeon.
             The game lasted 00:12:57 (7474 turns).

BuddhaDhamma the Severer (Minotaur Berserker)       Turns: 7474, Time: 00:12:58

Health: -1/77      AC: 16    Str: 26    XL:     10   Next: 88%
Magic:  0/9        EV: 12    Int:  4    God:    Trog [****..]
Gold:   567        SH:  0    Dex: 20    Spells: 9/9 levels left

rFire   . . .      SeeInvis .   a - +9 battleaxe "Suxkoept" {flame, Dex+6}
rCold   + . .      Faith    .   (shield currently unavailable)
rNeg    . . .      Spirit   +   o - +1 plate armour
rPois   +          Reflect  .   (helmet restricted)
rElec   .          Harm     .   r - +1 cloak
rCorr   .          Rampage  .   (no gloves)
Will    .....                   d - +1 pair of boots
Stlth   ..........              v - amulet "Miyg" {Spirit rC+ Dex+4}
HPRegen 0.22/turn               l - +4 ring of evasion
MPRegen 0.11/turn               p - ring of poison resistance

@: on berserk cooldown, slowed, very slow
A: horns 2, retaliatory headbutt
a: Renounce Religion, Berserk, Trog's Hand, Brothers in Arms


You were on level 8 of the Dungeon.
You worshipped Trog.
Trog was greatly pleased with you.
You visited 1 branch of the dungeon, and saw 8 of its levels.

You collected 567 gold pieces.

Inventory:

Hand Weapons
 a - the +9 battleaxe "Suxkoept" (weapon) {flame, Dex+6}
   (You acquired it on level 6 of the Dungeon)

   It burns those it strikes, dealing additional fire damage.
   Big, fiery blades are also staple armaments of hydra-hunters.
   Dex:       It affects your dexterity (+6).
Missiles
 b - a throwing net (quivered)
Armour
 d - a +1 pair of boots (worn)
 o - a +1 plate armour (worn)
 r - a +1 cloak (worn)
Jewellery
 l - a +4 ring of evasion (left hand)
 p - a ring of poison resistance (right hand)
 t - a ring of magical power
 u - a +4 ring of protection
 v - the amulet "Miyg" (around neck) {Spirit rC+ Dex+4}
   (You found it on level 4 of the Dungeon)

   [amulet of guardian spirit]

   It causes incoming damage to be divided between your reserves of health and
   magic.
   Dex:       It affects your dexterity (+4).
   rC:        It protects you from cold.
 A - a +6 ring of dexterity
 C - a ring of flight
 F - a ring of protection from cold
Wands
 i - a wand of charming (9)
 s - a wand of flame (12)
 w - a wand of iceblast (6)
Scrolls
 c - a scroll of enchant armour
 f - 2 scrolls of blinking
 g - 3 scrolls of teleportation
 x - a scroll of enchant weapon {unknown}
 y - a scroll of poison
 z - a scroll of butterflies
Potions
 e - 3 potions of degeneration
 h - 2 potions of haste
 j - 6 potions of curing
 k - a potion of mutation
 m - a potion of flight
 n - a potion of attraction
 q - 2 potions of might
 B - a potion of lignification {unknown}
 E - a potion of heal wounds {unknown}
Miscellaneous
 D - a tin of tremorstones (2/2)


   Skills:
 - Level 3.6 Fighting
 + Level 19.5 Axes
 - Level 2.4 Armour
 - Level 2.1 Dodging


You had 9 spell levels left.
You didn't know any spells.
Your spell library was empty.

Dungeon Overview and Level Annotations

Branches:
Dungeon (8/15)             Temple (0/1) D:7
   Lair: D:8-11

Altars:
Elyvilon
Kikubaaqudgha
Ru
Sif Muna
Trog
Uskayaw

Shops:
D:1 (**=   D:3 !


Innate Abilities, Weirdness & Mutations

You have a pair of horns on your head.
You reflexively headbutt those who attack you in melee.


Message History

You slice the orc priest!! You burn the orc priest.
You kill the orc priest!
Trog accepts your kill. Something hits you but does no damage.
Something completely misses you.
You slice the acid dragon!! You burn the acid dragon!
You kill the acid dragon!
Trog accepts your kill.
You barely miss something. Something hits you. Something hits you!
* * * LOW HITPOINT WARNING * * *
The gargoyle hurls a stone arrow at you.
The stone arrow misses you.
You closely miss the queen bee.
The queen bee is moderately wounded.
You hit something. You burn something. Trog accepts your kill.
Reactivating autopickup.
You feel a bit more experienced.
The queen bee stings you but does no damage.
You hit the queen bee. You burn the queen bee.
The queen bee is moderately wounded.
The queen bee stings you but does no damage.
The queen bee barely misses you. You furiously retaliate!
You headbutt the queen bee, but do no damage.
The queen bee barely misses you.
You barely miss the queen bee.
The queen bee is moderately wounded.
The queen bee stings you!
* * * LOW HITPOINT WARNING * * *
You slice the queen bee!! You burn the queen bee!
You kill the queen bee!
Trog accepts your kill.
The gargoyle hurls a stone arrow at you.
The stone arrow hits you.
* * * LOW HITPOINT WARNING * * *
The gargoyle hurls a stone arrow at you.
The stone arrow misses you.
You see here a shapeshifter corpse.
The gargoyle hurls a stone arrow at you.
The stone arrow hits you!!
You die...

## # ###.###
.####.### . #...#
##..?..##.#.....#.#
#.###.
#!..!..!#.#.###.#..
... .
#$$$⌠))[#......)...
#.#
#.#?.....=#.#.##..#..
#.
#.##.....##.#..#(.#.#
#.##...##.####.### .
#.##)##.####)## .
#@†9†.## #.#)#
###)### #.#.# ..##
#.#.# #.# #.#.# ...
#.#.# ..# #.#.# #..
#.#.# .. .##.#


You could see a gargoyle.

Vanquished Creatures
  A two-headed ogre (D:8)
  A centaur warrior (D:8)
  Pikel (D:6)
  A manticore (D:8)
  A slime creature (D:8)
  An ugly thing (D:8)
  2 unseen horrors (D:8)
  A queen bee (shapeshifter) (D:8)
  A troll (D:8)
  Grinder (D:4)
  A wyvern (D:7)
  A yak (D:8)
  A vampire mosquito (D:8)
  An acid dragon (D:8)
  2 water moccasins (D:8)
  Duvessa (D:4)
  An ice beast (D:7)
  2 ogres
  2 centaurs
  3 lemures (D:6)
  A phantom (D:6)
  6 scorpions
  2 kobold brigands (D:8)
  A bullfrog (D:7)
  3 necrophages
  4 wights (D:7)
  Dowan (D:4)
  4 killer bees (D:8)
  A howler monkey (D:4)
  A jelly (D:7)
  5 hounds
  4 orc priests
  2 gnoll boudas
  2 iguanas
  6 orc wizards
  9 gnolls
  5 adders
  A shadow imp (D:6)
  An ufetubus (D:7)
  A worm (D:4)
  2 dart slugs
  25 orcs
  6 endoplasms
  3 giant cockroaches
  6 hobgoblins
  8 jackals
  2 quokkas
  6 ball pythons
  2 bats
  2 goblins
  9 kobolds
  2 rats
159 creatures vanquished.

Vanquished Creatures (others)
  An unseen horror (D:8)
  5 plants (D:6)
6 creatures vanquished.

Grand Total: 165 creatures vanquished

Notes
Turn   | Place    | Note
-------+----------+-------------------------------------------
     0 | D:1      | BuddhaDhamma the Minotaur Berserker began the quest for the
                  | Orb.
     0 | D:1      | Reached XP level 1. HP: 19/19 MP: 0/0
   117 | D:1      | Reached skill level 4 in Axes
   347 | D:1      | Found Seclen's Weapon Shoppe.
   354 | D:1      | Found Tuninle's General Store.
   667 | D:1      | Found a faded altar of an unknown god.
   714 | D:1      | Reached XP level 2. HP: 26/26 MP: 1/1
   765 | D:1      | Found Mimifa's General Store.
  1208 | D:1      | Found Huany's Jewellery Shop.
  1745 | D:2      | Reached skill level 5 in Axes
  1745 | D:2      | Reached XP level 3. HP: 31/31 MP: 2/2
  2556 | D:3      | Found an ancient bone altar of Kikubaaqudgha.
  2638 | D:3      | Found Jaulon's Distillery.
  2666 | D:3      | Reached ** piety under Trog
  2734 | D:3      | Reached XP level 4. HP: 36/39 MP: 3/3
  2798 | D:3      | Found a hide-covered altar of Uskayaw.
  2800 | D:3      | Reached skill level 6 in Axes
  3221 | D:4      | Noticed Grinder
  3222 | D:4      | Reached skill level 7 in Axes
  3222 | D:4      | Reached XP level 5. HP: 45/45 MP: 4/4
  3231 | D:4      | Killed Grinder
  3232 | D:4      | Reached skill level 8 in Axes
  3232 | D:4      | Reached XP level 6. HP: 51/51 MP: 5/5
  3369 | D:4      | Noticed Duvessa
  3370 | D:4      | Noticed Dowan
  3387 | D:4      | Killed Duvessa
  3388 | D:4      | Reached skill level 9 in Axes
  3392 | D:4      | Killed Dowan
  3393 | D:4      | Reached XP level 7. HP: 57/57 MP: 6/6
  3820 | D:4      | Identified the amulet "Miyg" {Spirit rC+ Dex+4}
  4080 | D:5      | Entered Level 5 of the Dungeon
  4118 | D:5      | Reached skill level 10 in Axes
  4533 | D:5      | Reached skill level 11 in Axes
  4951 | D:6      | Reached XP level 8. HP: 38/64 MP: 3/7
  5122 | D:6      | Reached skill level 12 in Axes
  5236 | D:6      | Reached *** piety under Trog
  5301 | D:6      | Noticed Pikel
  5312 | D:6      | Killed Pikel
  5313 | D:6      | Reached skill level 13 in Axes
  5317 | D:6      | Reached skill level 14 in Axes
  5325 | D:6      | Found a sacrificial altar of Ru.
  5511 | D:6      | Found a shimmering blue altar of Sif Muna.
  5522 | D:6      | Found a bloodstained altar of Trog.
  5827 | D:6      | Identified a scroll of acquirement
  5827 | D:6      | Acquired the +9 battleaxe "Suxkoept" {flame, Dex+6}
  5899 | D:7      | Reached XP level 9. HP: 68/70 MP: 6/8
  5961 | D:7      | Found a staircase to the Ecumenical Temple.
  5974 | D:7      | Reached skill level 15 in Axes
  6753 | D:8      | Found a white marble altar of Elyvilon.
  6782 | D:8      | Noticed a two-headed ogre
  6789 | D:8      | Reached skill level 16 in Axes
  6789 | D:8      | Killed a two-headed ogre
  6797 | D:8      | Reached skill level 17 in Axes
  6797 | D:8      | Reached XP level 10. HP: 28/77 MP: 3/9
  7130 | D:8      | Identified the +7 flail of Mahovehuwa {vorpal, rN+ Str+4}
  7156 | D:8      | Noticed a manticore
  7180 | D:8      | Killed a manticore
  7419 | D:8      | Reached **** piety under Trog
  7434 | D:8      | Noticed a centaur warrior
  7434 | D:8      | Noticed a brown ugly thing
  7435 | D:8      | Noticed a gargoyle
  7447 | D:8      | Reached skill level 18 in Axes
  7450 | D:8      | Killed a centaur warrior
  7451 | D:8      | Killed a brown ugly thing
  7459 | D:8      | Reached skill level 19 in Axes
  7474 | D:8      | Killed from afar by a gargoyle

Illustrated notes

Levels and vault maps discovered:
D:1:      wander_arrival_desolate, layout_basic,
          shapermc_ecumenical_altar_starsandcircs, serial_shops,
          nicolae_shop_trees, nicolae_shop_crystal,
          nicolae_shop_temple_entry_statues_fountains, shop
D:2:      minmay_inner_zag, layout_basic
D:3:      layout_loops_ring, marbit_many_paths, eat_drink_and_be_merry_uskayaw,
          serial_shops, nicolae_square_shop
D:4:      layout_loops_ring, chequers_arboretum, abandoned_shop, uniq_duvessa,
          uniq_grinder
D:5:      layout_loops_cross, dreamdust_princess_corridor
D:6:      layout_basic, nzn_overflow_gifts_of_might_and_magic,
          mainiacjoe_overflow_chevrons, nicolae_ossuary_entry_plus, uniq_pikel
D:7:      layout_basic, minmay_temple_entry_glass, nrook_mini_vaults,
          chequers_serial_rivers_micro_b, grunt_decor_fettered, minivault_1
D:8:      minmay_the_grid_octo_tiled_octocenter [minmay_the_grid_octo_pinwheel,
          minmay_the_grid_octo_odd_swirl, minmay_the_grid_octo_toaster,
          minmay_the_grid_octo_teeth, minmay_the_grid_octo_prize_big_c,
          minmay_the_grid_square_5x5_c, minmay_the_grid_square_5x5_n,
          minmay_the_grid_square_5x5_trominoes, minmay_the_grid_square_5x5_meh],
          layout_basic, nicolae_overflow_crystal_walls, grunt_qazlal_sundering,
          grunt_lair_entry_orc_guard_hut, minmay_radiant

Skill      XL: |  1  2  3  4  5  6  7  8  9 10 |
---------------+-------------------------------+-----
Axes           | 4 5 7 8 9 11 14 17 19 | 19.5
Fighting       | |  3.6
Armour         | |  2.4
Dodging        | |  2.1

Action                   |  1- 3 |  4- 6 |  7- 9 | 10-12 || total
-------------------------+-------+-------+-------+-------++-------
Melee: Hand axe          |    70 |    45 |   129 |       ||   244
       Headbutt          |     7 |     8 |    24 |     6 ||    45
       Punch             |     1 |       |       |       ||     1
       Battleaxe         |       |       |    42 |    45 ||    87
Throw: Throwing net      |       |     1 |       |     1 ||     2
Invok: Berserk           |       |     1 |     2 |     1 ||     4
  Use: Scroll            |       |       |    20 |       ||    20
Armor: Animal skin       |     2 |       |       |       ||     2
       Ring mail         |    16 |       |       |       ||    16
       Plate armour      |     6 |    13 |    58 |    46 ||   123
Dodge: Dodged            |    30 |    18 |    71 |    30 ||   149
Block: Kite shield       |       |       |    24 |       ||    24
